 Dungeon Crawl Stone Soup version 0.24.0 (webtiles) character file.

Game seed: 14978591939589159721, levelgen mode: deterministic

100242 Faels the Carver (level 15, -5/128 HPs)
             Began as a Centaur Hunter on Feb 17, 2020.
             Was the Champion of Okawaru.
             Shot with a sling bullet by a satyr (10 damage)
             ... on level 2 of the Shoals.
             The game lasted 02:52:30 (40727 turns).

Faels the Carver (Centaur Hunter)                  Turns: 40727, Time: 02:52:31

Health: -5/128     AC: 21    Str: 16    XL:     15   Next: 80%
Magic:  19/19      EV:  5    Int: 10    God:    Okawaru [******]
Gold:   236        SH: 18    Dex: 15    Spells: 14/14 levels left

rFire    + . .     SeeInvis .   w - +9 long sword of the Modern Coins {slice, rC+++ Stlth+}
rCold    + + +     Gourm    .   x - +5 shield
rNeg     . . .     Faith    .   F - +3 chain mail "Nuedapir" {rF+ Slay+3}
rPois    +         Spirit   .   u - +0 helmet (curse)
rElec    .         Reflect  +   B - +0 cloak
rCorr    +         Harm     .   E - +0 pair of gloves
MR       +....     Clarity  +   D - +1 centaur barding {Fly}
Stlth    ..........             A - +3 amulet of reflection
HPRegen  0.31/turn              l - ring of resist corrosion
MPRegen  0.16/turn              y - ring of poison resistance

@: glowing, studying Fighting, very quick
A: large, hooves 3, clarity, cold resistance 1, deformed body, speed 2, tough
skin 3
a: Heroism, Finesse, Renounce Religion, Evoke Flight


You were on level 2 of the Shoals.
You worshipped Okawaru.
Okawaru was exalted by your worship.
You were hungry.

You visited 5 branches of the dungeon, and saw 24 of its levels.
You also visited: Ossuary, Bailey, Ice Cave and Volcano.

You collected 2575 gold pieces.
You spent 2339 gold pieces at shops.

Inventory:

Hand Weapons
 i - a +1 triple crossbow of velocity
 m - a +2 demon trident of draining
 p - the +8 hunting sling "Urchuduon" {velocity, rF+}
   (You took it off an orc on level 4 of the Dungeon)

   Any stone fired from it inflicts extra damage.
   It protects you from fire.
 w - the +9 long sword of the Modern Coins (weapon) {slice, rC+++ Stlth+}
   (You bought it in a shop on level 2 of the Orcish Mines)

   It inflicts extra damage upon your enemies.
   It renders you almost immune to cold.
   It makes you more stealthy.
 H - a +8 scimitar of flaming
Missiles
 a - 2 throwing nets
 t - 27 javelins (quivered)
 U - 41 poisoned darts
 V - 202 sling bullets
 Y - 13 silver javelins
Armour
 u - a cursed +0 helmet (worn)
 x - a +5 shield (worn)
 B - a +0 cloak (worn)
 D - a +1 centaur barding of flying (worn)
 E - a +0 pair of gloves (worn)
 F - the +3 chain mail "Nuedapir" (worn) {rF+ Slay+3}
   (You bought it in a shop on level 5 of the Dungeon)

   It affects your accuracy and damage with ranged weapons and melee attacks
   (+3).
   It protects you from fire.
 O - the +8 plate armour of Freedom {rN+ Int-3 Dex+4 Slay+2}
   (You bought it in a shop on level 2 of the Orcish Mines)

   It affects your intelligence (-3).
   It affects your dexterity (+4).
   It affects your accuracy and damage with ranged weapons and melee attacks
   (+2).
   It protects you from negative energy.
Jewellery
 g - an uncursed ring of protection from fire
 l - a ring of resist corrosion (left hand)
 n - an uncursed ring of ice
 y - a ring of poison resistance (right hand)
 A - a +3 amulet of reflection (around neck)
 P - an uncursed ring of protection from fire
 R - an uncursed ring of flight
 Z - the amulet "Qothricw" {Acrobat rC+ SInv}
   (You bought it in a shop on level 7 of the Dungeon)

   [amulet of the acrobat]

   It helps you evade while moving and waiting.
   It protects you from cold.
   It lets you see invisible.
Wands
 h - a wand of disintegration (15)
 r - a wand of digging (10)
 s - a wand of polymorph (8)
 J - a wand of acid (8)
 Q - a wand of paralysis (12)
 T - a wand of flame (35)
 X - a wand of enslavement (5)
Scrolls
 c - a scroll of magic mapping
 v - 2 scrolls of blinking
 K - 8 scrolls of remove curse
 M - 3 scrolls of identify
 N - 4 scrolls of teleportation
 W - a scroll of silence
Potions
 b - 8 potions of lignification
 e - 2 potions of agility
 k - 6 potions of curing
 o - a potion of experience {unknown}
 z - 3 potions of resistance
 C - 3 potions of haste
 I - 2 potions of cancellation
 L - a potion of flight
 S - 3 potions of ambrosia
Books
 j - a manual of Fighting
Miscellaneous
 d - a box of beasts
 q - a phantom mirror
Comestibles
 f - 39 rations


   Skills:
 + Level 10.5 Fighting
   Level 8.1(11.6) Short Blades
 - Level 13.2(14.0) Long Blades
 - Level 12.2(12.4) Slings
 - Level 10.7 Crossbows
 + Level 3.4(8.7) Throwing
 + Level 5.3 Armour
 + Level 7.3 Dodging
 - Level 0.4 Stealth
 + Level 7.0 Shields
 - Level 6.5 Invocations


You had 14 spell levels left.
You didn't know any spells.
Your spell library contained the following spells:

 Spells                   Type           Power        Failure   Level  Hunger
 Animate Skeleton         Necr           N/A          100%        1    ##.....
 Apportation              Tloc           #.....       100%        1    ##.....
 Beastly Appendage        Tmut           #.....       100%        1    ##.....
 Confusing Touch          Hex            #.....       100%        1    ##.....
 Corona                   Hex            #......      100%        1    ##.....
 Infusion                 Chrm           #...         100%        1    ##.....
 Summon Small Mammal      Summ           #...         100%        1    ##.....
 Ensorcelled Hibernation  Hex/Ice        #.....       100%        2    ###....
 Shroud of Golubria       Chrm/Tloc      #.....       100%        2    ###....
 Song of Slaying          Chrm           #.......     100%        2    ###....
 Sticks to Snakes         Tmut           #.......     100%        2    ###....
 Confuse                  Hex            #.......     100%        3    ####...
 Dazzling Spray           Conj/Hex       #.....       100%        3    ####...
 Regeneration             Chrm/Necr      #.........   100%        3    ####...
 Spectral Weapon          Hex/Chrm       #.......     100%        3    ####...
 Spider Form              Tmut/Pois      #.........   100%        3    ####...
 Tukima's Dance           Hex            #.......     100%        3    ####...
 Cause Fear               Hex            #.........   100%        4    #####..
 Ice Form                 Ice/Tmut       #.......     100%        4    #####..
 Blade Hands              Tmut           #.........   100%        5    ######.
 Metabolic Englaciation   Hex/Ice        #.........   100%        5    ######.
 Silence                  Hex/Air        #.........   100%        5    ######.
 Yara's Violent Unravell  Hex/Tmut       #.........   100%        5    ######.
 Bolt of Cold             Conj/Ice       #.........   100%        6    #######
 Deflect Missiles         Chrm/Air       #.........   100%        6    #######
 Freezing Cloud           Conj/Ice/Air   #.........   100%        6    #######
 Ozocubu's Refrigeration  Ice            #.........   100%        6    #######
 Simulacrum               Ice/Necr       #.........   100%        6    #######
 Discord                  Hex            #.........   100%        8    #######


Dungeon Overview and Level Annotations

Branches:
Dungeon (13/15)            Temple (1/1) D:4            Lair (6/6) D:10
 Shoals (2/4) Lair:3       Spider (0/4) Lair:4        Slime (0/5) Lair:5
    Orc (2/2) D:11            Elf (0/3) Orc:2        Vaults (0/5) D:13
Ossuary (visited)          Bailey (visited)           IceCv (visited)
Volcano (visited)

Altars:
Ashenzari
Cheibriados
Dithmenos
Elyvilon
Fedhas
Gozag
Hepliaklqana
Kikubaaqudgha
Makhleb
Nemelex Xobeh
Okawaru
Qazlal
Ru
Sif Muna
Trog
Uskayaw
Vehumet
Wu Jian
Xom
Yredelemnul
Zin
The Shining One
Beogh
Jiyva

Shops:
D:5 [   D:6 ?   D:7 =   D:11 [   D:12 *   Orc:2 (([(!(}

Annotations:
Lair:1 Bauqient's ghost, journeyman MfSu
Lair:3 exclusion: 2 oklob plants


Innate Abilities, Weirdness & Mutations

You have hooves in place of feet.
Armour fits poorly on your strangely shaped body.
You cover ground very quickly.
You have extremely tough skin. (AC +3)
You possess an exceptional clarity of mind.
Your flesh is cold resistant. (rC+)


Message History

The faun unwields a +0 quarterstaff.
The faun wields a +0 hunting sling.
The faun shoots a stone.
You reflect the stone off an invisible shield around you!
The stone barely misses the faun.
You hear a splash.
The satyr shoots a sling bullet.
You reflect the sling bullet off an invisible shield around you!
The sling bullet hits the satyr!
You see here a stone.
The faun shoots a stone.
The stone hits you.
* * * LOW HITPOINT WARNING * * *
The merfolk siren chants a haunting song.
You are unaffected.
You see here a stone.
The satyr shoots a sling bullet.
The sling bullet hits you!!
* * * LOW HITPOINT WARNING * * *
You see here a sling bullet.
The faun shoots a stone.
The stone hits you but does no damage.
The satyr shoots a sling bullet.
The sling bullet hits you!
You die...

.≈≈≈≈≈≈≈....≈≈
...≈≈P≈≈...≈≈≈P
....PPP≈...≈≈PP
..≈.c.....PP..≈≈..≈..
...c... .......≈..≈≈.
....... #...≈.....≈≈
....≈...####..≈≈.....≈
.....≈...##..(....<....
.....≈≈≈..##.(((@##...
#..≈≈≈≈≈c.c.(.!..(......
≈≈≈≈≈≈..(.c)≈≈≈.≈....≈≈≈
≈≈≈≈≈≈.....≈≈≈..........
≈≈≈≈≈≈≈≈....≈≈.....≈≈...
≈≈≈≈≈≈≈≈.....≈≈≈...≈≈...
≈≈≈≈≈≈≈≈...........≈≈...
≈≈≈≈≈≈≈≈.###.....≈≈≈...≈
≈≈≈≈≈≈≈≈.# #..≈≈≈≈≈.


You could see a satyr and a faun.

Vanquished Creatures
  An orc warlord (Orc:2)
  The ghost of Bityczex the Eclecticist, an adept DEFE of Sif Muna (Shoals:1)
  The ghost of Deed the Peltast, a journeyman MiFi of Wu Jian (Lair:3)
  The ghost of Loywebes the Blocker, a journeyman MiFi of Makhleb (Lair:3)
  A merfolk javelineer (Shoals:2)
  The ghost of Ixoagrun the Bludgeoner, a journeyman MiFi of Okawaru (Lair:3)
  The ghost of Ixoagrun the Bludgeoner, a journeyman MiFi of Okawaru (Lair:3)
  2 merfolk impalers
  An ogre mage (D:13)
  5 hydras
  Fannar (Lair:2)
  Harold (D:7)
  A merfolk avatar (Shoals:1)
  A centaur warrior (Volcano)
  A satyr (Shoals:2)
  A merfolk aquamancer (Shoals:2)
  5 two-headed ogres
  An alligator snapping turtle (Lair:3)
  A death yak (D:10)
  5 orc high priests
  Urug (D:10)
  Nergalle (Lair:3)
  A fire crab (Lair:6)
  2 sea snakes (Shoals:1)
  2 orc knights (Orc:2)
  Pikel (D:3)
  2 orc sorcerers (Orc:2)
  13 harpies
  3 cyclopes
  7 fauns (Shoals:2)
  6 ugly things
  7 elephants
  5 manticores
  2 merfolk sirens (Shoals:1)
  2 water nymphs
  Joseph (D:7)
  3 ice statues (IceCv)
  A black mamba (Lair:2)
  9 spiny frogs
  3 gargoyles
  A kobold demonologist (D:13)
  2 rime drakes
  4 komodo dragons
  4 yaktaurs
  8 merfolk
  4 jumping spiders (Lair:4)
  7 trolls
  A wind drake (Lair:3)
  4 polar bears
  4 hornets (Lair:6)
  Grinder (D:3)
  8 blink frogs
  7 slime creatures
  6 dream sheep
  7 snapping turtles
  4 redbacks (Lair:4)
  15 spriggans (Lair:6)
  Sigmund (D:6)
  10 hippogriffs
  39 yaks
  2 wraiths
  5 water elementals
  2 wyverns
  A hungry ghost (D:8)
  2 steam dragons
  A soldier ant (D:12)
  3 wargs (D:11)
  Duvessa (D:5)
  11 water moccasins
  22 ice beasts
  2 sky beasts
  2 slaves (D:4)
  5 black bears
  7 porcupines
  51 orc warriors
  12 ogres
  3 phantoms
  3 boggarts (Lair:6)
  An eye of draining (D:13)
  14 wolves
  27 centaurs
  11 crocodiles
  A big kobold (D:13)
  Blork the orc (D:4)
  The ghost of unimpressed the Firebug, an amateur DEFE (D:4)
  2 elf zombies (Ossuary)
  22 bullfrogs
  2 scorpions
  2 wyvern skeletons
  Dowan (D:5)
  17 killer bees
  16 wights
  An electric eel (Lair:1)
  2 howler monkeys
  6 crimson imps
  4 bullfrog zombies
  3 centaur zombies
  8 hounds
  2 human zombies (Ossuary)
  A jelly (D:12)
  4 centaur skeletons
  2 bullfrog skeletons
  A gnoll shaman (D:4)
  27 orc priests
  Terence (D:2)
  Natasha (thrice) (D:2)
  2 iguanas
  7 worker ants
  33 orc wizards
  A killer bee zombie (D:8)
  3 big kobold zombies (Ossuary)
  2 hound zombies
  2 hound skeletons
  4 mummies
  5 gnolls
  18 adders
  3 shadow imps
  An ooze (D:2)
  4 adder zombies (Ossuary)
  4 worms
  3 dart slugs
  6 leopard geckos
  126 orcs
  2 ball pythons
  9 bats
  7 giant cockroaches
  A gnoll zombie (Ossuary)
  13 goblins
  7 hobgoblins
  10 jackals
  13 kobolds
  A quokka (D:2)
  A ball python zombie (D:6)
  7 frilled lizards
  3 goblin zombies (Ossuary)
  5 hobgoblin zombies (Ossuary)
  3 jackal zombies
  2 kobold zombies
  2 orc zombies
  8 quokka zombies (Ossuary)
  7 rats
  2 rat zombies (Ossuary)
  A fungus (Lair:6)
  3 plants
891 creatures vanquished.

Vanquished Creatures (others)
  A faun (Shoals:2)
  A cyclops (Shoals:1)
  A centaur (Shoals:1)
  A giant cockroach (D:4)
  21 fungi
  18 plants
43 creatures vanquished.

Grand Total: 934 creatures vanquished

Notes
Turn   | Place    | Note
-------+----------+-------------------------------------------
     0 | D:1      | Faels the Centaur Hunter began the quest for the Orb.
     0 | D:1      | Reached XP level 1. HP: 17/17 MP: 1/1
     6 | D:1      | Noticed a hound
     6 | D:1      | Noticed a rime drake
     6 | D:1      | Noticed an iguana
     6 | D:1      | Noticed a swamp worm
     6 | D:1      | Noticed a black mamba
     8 | D:1      | Reached XP level 2. HP: 24/24 MP: 2/2
    27 | D:1      | You fall into a shaft and drop 1 floor!
    54 | D:2      | Reached skill level 5 in Crossbows
   743 | D:1      | Reached XP level 3. HP: 29/29 MP: 3/3
  1614 | D:2      | Reached XP level 4. HP: 29/36 MP: 4/4
  1886 | D:2      | Reached skill level 1 in Short Blades
  2037 | D:2      | Noticed Terence
  2069 | D:2      | Killed Terence
  2095 | D:2      | You fall into a shaft and drop 2 floors!
  2246 | D:3      | Reached XP level 5. HP: 17/41 MP: 5/5
  2556 | D:3      | Noticed Grinder
  2570 | D:3      | Killed Grinder
  2570 | D:3      | Reached XP level 6. HP: 25/48 MP: 6/6
  3123 | D:2      | Noticed Natasha
  3127 | D:2      | Killed Natasha
  3269 | D:2      | Noticed Natasha
  3278 | D:2      | Killed Natasha
  3545 | D:2      | Noticed Natasha
  3553 | D:2      | Killed Natasha
  4151 | D:4      | Reached XP level 7. HP: 55/55 MP: 7/7
  4446 | D:4      | Noticed Pikel
  4468 | D:3      | Killed Pikel
  4468 | D:3      | Reached skill level 10 in Crossbows
  4468 | D:3      | Reached XP level 8. HP: 61/61 MP: 8/8
  4809 | D:4      | Found a staircase to the Ecumenical Temple.
  4829 | Temple   | Entered the Ecumenical Temple
  4905 | Temple   | Became a worshipper of Warmaster Okawaru
  4981 | D:4      | Found a shimmering altar of Xom.
  4985 | D:4      | Noticed Blork the orc
  4994 | D:4      | Killed Blork the orc
  5216 | D:4      | Reached skill level 1 in Armour
  5256 | D:4      | Reached skill level 1 in Shields
  5352 | D:4      | Found a runed translucent gate.
  5352 | D:4      | Noticed unimpressed's ghost (amateur DEFE)
  5354 | D:4      | Found a runed translucent gate.
  5355 | D:4      | Found a runed translucent gate.
  5358 | D:4      | Identified the +8 hunting sling "Urchuduon" {velocity, rF+}
  5366 | D:4      | Found a roughly hewn altar of Beogh.
  5566 | D:5      | Entered Level 5 of the Dungeon
  5636 | D:5      | Noticed Duvessa
  6100 | D:5      | Noticed Dowan
  6106 | D:5      | Killed Dowan
  6267 | D:5      | Reached * piety under Okawaru
  6494 | D:5      | Found Rioxud's Antique Armour Boutique.
  6501 | D:5      | Bought an ancient chain mail for 218 gold pieces
  6511 | D:5      | Identified the +3 chain mail "Nuedapir" {rF+ Slay+3} (You
                  | bought it in a shop on level 5 of the Dungeon)
  6552 | D:5      | Killed Duvessa
  6552 | D:5      | Reached XP level 9. HP: 70/70 MP: 9/9
  6651 | D:5      | Found a hazy altar of Hepliaklqana.
  6857 | D:6      | Found a sand-covered staircase.
  6885 | Ossuary  | Entered an ossuary
  7872 | D:6      | Found Goahoq's Magic Scroll Shoppe.
  7875 | D:6      | Bought 2 scrolls of enchant armour for 180 gold pieces
  7875 | D:6      | Bought a scroll of identify for 24 gold pieces
  7919 | D:6      | Reached ** piety under Okawaru
  8182 | D:6      | Noticed Sigmund
  8189 | D:6      | Killed Sigmund
  8379 | D:6      | Reached skill level 1 in Invocations
  8482 | D:7      | Noticed Harold
  8511 | D:7      | Killed Harold
  8511 | D:7      | Reached skill level 5 in Fighting
  8511 | D:7      | Reached XP level 10. HP: 81/81 MP: 9/11
  8782 | D:7      | Reached skill level 5 in Short Blades
  8877 | D:7      | Found a shattered altar of Ashenzari.
  8898 | D:7      | Reached *** piety under Okawaru
  8935 | D:7      | Noticed Joseph
  8966 | D:7      | Killed Joseph
  9251 | D:7      | Found Poss's Jewellery Emporium.
  9647 | D:8      | Found an opulent altar of Gozag.
  9650 | D:8      | Found a radiant altar of Vehumet.
  9650 | D:8      | Found a white marble altar of Elyvilon.
  9651 | D:8      | Found a glowing golden altar of the Shining One.
  9881 | D:8      | You fall into a shaft and drop 2 floors!
  9881 | D:10     | Entered Level 10 of the Dungeon
 10118 | D:9      | Reached **** piety under Okawaru
 11048 | D:9      | Received a gift from Okawaru
 11555 | D:10     | Reached skill level 5 in Dodging
 11772 | D:10     | Reached XP level 11. HP: 91/91 MP: 12/14
 11806 | D:10     | Noticed a death yak
 12530 | D:10     | Reached ***** piety under Okawaru
 12646 | D:10     | Killed a death yak
 12646 | D:10     | Reached skill level 5 in Shields
 12677 | D:10     | Found a staircase to the Lair.
 12789 | D:10     | Received a gift from Okawaru
 12804 | Lair:1   | Entered Level 1 of the Lair of Beasts
 12804 | Lair:1   | Found a transporter.
 12833 | Lair:1   | Found a dark tunnel.
 12888 | Volcano  | Entered a volcano
 12965 | Volcano  | Noticed a hell knight
 12995 | Volcano  | Noticed a centaur warrior
 13007 | Volcano  | Killed a centaur warrior
 13007 | Volcano  | Received a gift from Okawaru
 13023 | Volcano  | Received a gift from Okawaru
 13351 | Lair:1   | Noticed Bauqient's ghost (journeyman MfSu)
 13352 | Lair:1   | Found a transporter.
 13924 | D:4      | Killed unimpressed's ghost
 14895 | Lair:1   | Received a gift from Okawaru
 15362 | Lair:2   | You fall into a shaft and drop 1 floor!
 15399 | Lair:3   | Reached skill level 5 in Slings
 15453 | Lair:3   | Found a frozen archway.
 15489 | IceCv    | Entered an ice cave
 15506 | IceCv    | Received a gift from Okawaru
 15587 | IceCv    | Noticed a white ugly thing
 15624 | IceCv    | Killed a white ugly thing
 15624 | IceCv    | Reached XP level 12. HP: 100/100 MP: 15/15
 15940 | IceCv    | Received a gift from Okawaru
 16445 | Lair:3   | Noticed Nergalle
 16474 | Lair:3   | Killed Nergalle
 16719 | Lair:3   | Found a runed translucent gate.
 16720 | Lair:3   | Found a runed translucent gate.
 16721 | Lair:3   | Found a runed translucent gate.
 16722 | Lair:3   | Noticed Loywebes's ghost (journeyman MiFi)
 16723 | Lair:3   | Noticed Deed's ghost (journeyman MiFi)
 16723 | Lair:3   | Noticed Ixoagrun's ghost (journeyman MiFi)
 16723 | Lair:3   | Noticed Ixoagrun's ghost (journeyman MiFi)
 16737 | Lair:3   | Found a staircase to the Shoals.
 17312 | Lair:2   | Noticed Fannar
 17350 | Lair:2   | Killed Fannar
 17350 | Lair:2   | Received a gift from Okawaru
 17832 | Lair:2   | Reached skill level 10 in Slings
 18196 | Lair:1   | Got an iridescent eveningstar
 18260 | Lair:1   | Identified the cursed +1 eveningstar of Jifiba {crush,
                  | *Drain Dex+5} (You found it on level 1 of the Lair of
                  | Beasts)
 18440 | D:7      | Bought the amulet "Qothricw" {Acrobat rC+ SInv} for 482
                  | gold pieces
 18674 | Lair:3   | Received a gift from Okawaru
 20104 | Lair:3   | Killed Deed's ghost
 20104 | Lair:3   | Received a gift from Okawaru
 20272 | Lair:3   | Killed Loywebes's ghost
 20569 | Lair:3   | Killed Ixoagrun's ghost
 20598 | Lair:3   | Killed Ixoagrun's ghost
 20598 | Lair:3   | Reached XP level 13. HP: 107/107 MP: 7/16
 20935 | Lair:4   | Reached skill level 1 in Long Blades
 20947 | Lair:4   | Reached skill level 2 in Long Blades
 21006 | Lair:4   | Found a hole to the Spider Nest.
 21196 | Lair:4   | Reached skill level 3 in Long Blades
 22546 | Lair:5   | Reached skill level 4 in Long Blades
 22801 | Lair:5   | Received a gift from Okawaru
 22801 | Lair:5   | Reached skill level 5 in Long Blades
 23334 | Lair:5   | Found a viscous altar of Jiyva.
 23335 | Lair:5   | Found a staircase to the Slime Pits.
 23478 | Lair:5   | Received a gift from Okawaru
 23478 | Lair:5   | Reached skill level 6 in Long Blades
 23797 | Lair:6   | Entered Level 6 of the Lair of Beasts
 24022 | Lair:6   | Received a gift from Okawaru
 24168 | Lair:6   | Reached skill level 7 in Long Blades
 24331 | Lair:6   | Received a gift from Okawaru
 24598 | Lair:6   | Reached skill level 8 in Long Blades
 25223 | Lair:6   | Reached skill level 9 in Long Blades
 26776 | Lair:6   | Reached skill level 10 in Long Blades
 26795 | Lair:6   | Received a gift from Okawaru
 26795 | Lair:6   | Reached XP level 14. HP: 114/114 MP: 17/17
 27444 | D:7      | Bought an uncursed ring of poison resistance for 200 gold
                  | pieces
 27444 | D:7      | Bought a +3 amulet of reflection for 157 gold pieces
 27642 | D:10     | Found a stormy altar of Qazlal.
 27703 | D:10     | Noticed Urug
 27718 | D:10     | Killed Urug
 28213 | D:11     | Received a gift from Okawaru
 28533 | D:11     | Reached skill level 11 in Long Blades
 29065 | D:11     | Found a staircase to the Orcish Mines.
 29078 | D:11     | Reached ****** piety under Okawaru
 29566 | D:11     | Found Quladilo's Antique Armour Boutique.
 29685 | Orc:1    | Entered Level 1 of the Orcish Mines
 29693 | D:11     | Received a gift from Okawaru
 30703 | Orc:2    | Entered Level 2 of the Orcish Mines
 30703 | Orc:2    | Found Zoyhirua's Weapon Shoppe.
 30827 | Orc:2    | Reached skill level 12 in Long Blades
 30860 | Orc:2    | Found Piclelua's Gadget Shoppe.
 31025 | Orc:2    | Found Jaidaleg's Weapon Boutique.
 31096 | Orc:2    | Found a staircase to the Elven Halls.
 31113 | Orc:2    | Found a roughly hewn altar of Beogh.
 31128 | Orc:2    | Found a roughly hewn altar of Beogh.
 31555 | Orc:2    | Noticed an orc warlord
 31600 | Orc:2    | Killed an orc warlord
 31791 | Orc:2    | Found Famiagh's Antique Armour Emporium.
 31793 | Orc:2    | Found a roughly hewn altar of Beogh.
 31797 | Orc:2    | Found Qarog's Antique Weapon Shoppe.
 31990 | Orc:2    | Found a roughly hewn altar of Beogh.
 32028 | Orc:2    | Found Aseiga's Distillery.
 32103 | Orc:2    | Found a roughly hewn altar of Beogh.
 32130 | Orc:2    | Reached skill level 13 in Long Blades
 32160 | Orc:2    | Found Lonagu's Antique Weapon Shop.
 32374 | Orc:2    | Bought an ichor-stained plate armour for 840 gold pieces
 32384 | Orc:2    | Identified the +8 plate armour of Freedom {rN+ Int-3 Dex+4
                  | Slay+2} (You bought it in a shop on level 2 of the Orcish
                  | Mines)
 32508 | D:12     | Found a bloodstained altar of Trog.
 33088 | D:12     | Reached skill level 5 in Invocations
 33588 | D:12     | Found Zurchef's General Store.
 33841 | D:13     | Found a gate to the Vaults.
 33859 | D:13     | Received a gift from Okawaru
 33912 | D:13     | Reached XP level 15. HP: 95/121 MP: 19/19
 33939 | D:13     | Found a flagged portal.
 34010 | Bailey   | Entered a bailey
 34496 | Bailey   | Received a gift from Okawaru
 35237 | D:13     | Gained mutation: Your flesh is cold resistant. (rC+)
                  | [potion of mutation]
 35237 | D:13     | Gained mutation: You possess an exceptional clarity of
                  | mind. [potion of mutation]
 35797 | Orc:2    | Bought a scorched long sword for 238 gold pieces
 35797 | Orc:2    | Identified the +9 long sword of the Modern Coins {slice,
                  | rC+++ Stlth+} (You bought it in a shop on level 2 of the
                  | Orcish Mines)
 35987 | Shoals:1 | Entered Level 1 of the Shoals
 35993 | Lair:3   | Received a gift from Okawaru
 35994 | Lair:3   | Got an encrusted centaur barding {god gift}
 36004 | Lair:3   | Identified the +2 centaur barding of Democracy {-Tele Str+2
                  | Slay+6 Stlth+} (Okawaru gifted it to you on level 3 of the
                  | Lair of Beasts)
 38036 | Shoals:1 | Identified a scroll of acquirement
 38094 | Shoals:1 | Found a runed translucent gate.
 38095 | Shoals:1 | Found a runed translucent gate.
 38095 | Shoals:1 | Noticed Bityczex's ghost (adept DEFE)
 38164 | Shoals:1 | Found a runed translucent gate.
 38427 | Shoals:1 | Killed Bityczex's ghost
 38427 | Shoals:1 | Reached skill level 1 in Throwing
 39293 | Shoals:2 | Received a gift from Okawaru
 39293 | Shoals:2 | Reached skill level 10 in Fighting
 39293 | Shoals:2 | Reached skill level 5 in Armour
 40219 | Shoals:2 | Received a gift from Okawaru
 40726 | Shoals:2 | HP: 5/128 [satyr/sling bullet (25)]
 40727 | Shoals:2 | Shot with a sling bullet by a satyr

Levels and vault maps discovered:
D:1:      onia_arrival_zoo_common, layout_basic, st_stairs_5,
          serial_bayou_ford_a
D:2:      layout_loops_ring, serial_park_tiny_2, minivault_5,
          minmay_fractal_squares_gapless_5, uniq_natasha, uniq_terence
D:3:      layout_basic, first_ration, uniq_grinder
D:4:      layout_basic, nicolae_overflow_crystal_walls,
          minmay_temple_entry_junction, biasface_ghost_orc_armoury,
          uniq_blork_the_orc, uniq_pikel
D:5:      layout_rooms, lemuel_doored_altar, serial_shops, shop, uniq_duvessa
D:6:      layout_loops_ring, serial_shops, kennysheep_mini,
          nicolae_ossuary_entry_giza, uniq_sigmund
D:7:      layout_gridville, serial_shops, shop, grunt_ogre_cave,
          nicolae_ashenzari_panopticon, uniq_harold, uniq_joseph
D:8:      layout_cave_pools, chequers_temple_overflow_statue_of_worship
D:9:      layout_stronghold
D:10:     layout_basic, david_lair_generic, basic_altar, uniq_urug
D:11:     layout_rooms, erik_orc_3, serial_shops, nicolae_shop_behind_doors
D:12:     layout_gridville, serial_glass, glass_columns_b, glass_columns_b,
          basic_altar, serial_shops, shop
D:13:     layout_roguey, david_vaults_2, enter_bailey_3
Temple:   kb_temple_of_zot
Lair:1:   layout_long_grid, nicolae_volcano_entry_two_sided,
          gammafunk_ghost_arena, infiniplex_staircase_pool
Lair:2:   layout_regular_city, grunt_megastairs_5, uniq_fannar
Lair:3:   layout_chaotic_city, minmay_shoals_entry_centaurs,
          gammafunk_ghost_cemetery, portal_ice_cave_entry_ice_beasts,
          nicolae_lair_grove_arrangements, lemuel_fruit_fields,
          minmay_lair_oklob_chamber, uniq_nergalle
Lair:4:   layout_layer_cave, nicolae_spider_entry_tight_spaces,
          serial_bayou_shore_b
Lair:5:   layout_roguey, dpeg_slime_entry_enclosed_altar
Lair:6:   minmay_lair_end_enchanted_forest, layout_concentric_octagons
Shoals:1: layout_shoals, ebering_ghost_rock_garden
Shoals:2: layout_shoals, hangedman_shoals_cup_caves
Orc:1:    layout_caves
Orc:2:    grunt_orc_community_town_hall, layout_caves,
          grunt_orc_community_big_house_2, grunt_orc_community_big_house_1,
          grunt_orc_community_house_1, grunt_orc_community_house_1,
          grunt_orc_community_house_2, grunt_orc_community_house_1,
          serial_shops, shop, shop, shop
